 Dungeon Crawl Stone Soup version 0.18-a0-1526-gcb34c7c (webtiles) character file.

17139 MenacingMecha the Severer (level 12, -8/106 HPs)
             Began as a Hill Orc Fighter on Mar 7, 2016.
             Was a High Priest of Okawaru.
             Mangled by a komodo dragon (10 damage)
             ... on level 3 of the Lair of Beasts on Mar 8, 2016.
             The game lasted 01:53:34 (12501 turns).

MenacingMecha the Severer (Hill Orc Fighter)       Turns: 12501, Time: 01:53:34

Health: -8/106     AC: 19    Str: 23    XL:     12   Next: 44%
Magic:  14/18      EV: 10    Int:  8    God:    Okawaru [*****.]
Gold:   799        SH:  0    Dex: 13    Spells: 0 memorised, 11 levels left

rFire  + . .     SeeInvis .     z - +1 war axe (elec)
rCold  . . .     Gourm    .     v - +4 scale mail {rF+}
rNeg   . . .     Faith    .     (no shield)
rPois  +         Spirit   .     k - +1 helmet
rElec  .         Dismiss  .     i - +1 cloak
rCorr  .         Reflect  .     b - +3 pair of gauntlets of War {Slay+5}
SustAt .         Harm     .     (no boots)
MR     +....                    (no amulet)
Stlth  ..........               P - ring of poison resistance
                                X - ring of protection from magic

@: very heavily drained, somewhat resistant to hostile enchantments, extremely
unstealthy
A: agile 1, blurry vision 1, slow regeneration 1
a: Heroism, Finesse, Renounce Religion


You were on level 3 of the Lair of Beasts.
You worshipped Okawaru.
Okawaru was extremely pleased with you.
You were not hungry.

You visited 3 branches of the dungeon, and saw 14 of its levels.

You collected 915 gold pieces.
You spent 116 gold pieces at shops.

Inventory:

Hand Weapons
 z - a +1 war axe of electrocution (weapon)
 N - the +4 battleaxe "Ikleng" {chop, rElec}
   (You found it on level 9 of the Dungeon)

   It inflicts extra damage upon your enemies.
   It insulates you from electricity.
Missiles
 y - 2 tomahawks (quivered)
Armour
 a - a +5 plate armour of ponderousness
 b - the +3 pair of gauntlets of War (worn) {Slay+5}
   (You found it on level 1 of the Lair of Beasts)

   It affects your accuracy and damage with ranged weapons and melee attacks
   (+5).
 c - a +0 shield
 i - a +1 cloak (worn)
 k - a +1 helmet (worn)
 v - a +4 scale mail of fire resistance (worn)
 M - a +0 cloak of invisibility
 U - the +5 scale mail of Yrghases {rPois rF++ rCorr Stlth-, unknown}
   (You found it on level 2 of the Lair of Beasts)

   It greatly protects you from fire.
   It protects you from poison.
   It protects you from acid and corrosion.
   It makes you less stealthy.
Jewellery
 e - an uncursed ring of see invisible
 F - an uncursed ring of resist corrosion
 P - a ring of poison resistance (right hand)
 R - an uncursed ring of flight
 X - a ring of protection from magic (left hand)
Wands
 w - a wand of flame (28/48)
 A - a wand of polymorph (22/24)
 B - a wand of iceblast (11/15)
 H - a wand of digging (11/24)
 V - a wand of flame (18/48)
 Z - a wand of polymorph (0/24)
Scrolls
 d - 2 scrolls of magic mapping
 h - 7 scrolls of identify
 m - 2 scrolls of blinking
 o - a scroll of recharging
 p - 4 scrolls of fear
 q - 5 scrolls of remove curse
 s - a scroll of fog {unknown}
 t - 3 scrolls of enchant weapon
 C - a scroll of amnesia
 E - 3 scrolls of teleportation
 K - 5 scrolls of enchant armour
Potions
 g - a potion of cancellation {unknown}
 j - 8 potions of curing
 l - 2 potions of haste
 n - 5 potions of flight
 G - a potion of mutation
 O - a potion of magic {unknown}
 T - a potion of degeneration
 W - 3 potions of agility
 Y - a potion of invisibility {unknown}
Books
 u - a book of Maledictions

   Spells                             Type                      Level
   a - Corona                         Hexes                        1
   b - Ensorcelled Hibernation        Hexes/Ice                    2
   c - Confuse                        Hexes                        3
   d - Tukima's Dance                 Hexes                        3
   e - Dazzling Spray                 Conjuration/Hexes            3
 D - a book of Clouds

   Spells                             Type                      Level
   a - Mephitic Cloud                 Conjuration/Poison/Air       3
   b - Conjure Flame                  Conjuration/Fire             3
   c - Poisonous Cloud                Conjuration/Poison/Air       6
   d - Freezing Cloud                 Conjuration/Ice/Air          6
   e - Ring of Flames                 Charms/Fire                  7
 S - a book of Beasts

   Spells                             Type                      Level
   a - Summon Butterflies             Summoning                    1
   b - Call Canine Familiar           Summoning                    3
   c - Summon Ice Beast               Ice/Summoning                4
   d - Summon Mana Viper              Hexes/Summoning              5
   e - Summon Hydra                   Summoning                    7
Comestibles
 f - 13 bread rations
 x - 6 fruits
 I - 5 beef jerkies
 J - 9 slices of pizza
 L - 4 meat rations
 Q - 4 chunks of flesh


   Skills:
 - Level 10.0(5.8) Fighting
 + Level 18.7(13.6) Axes
 + Level 6.6(2.7) Armour
 - Level 4.7(1.1) Dodging
 - Level 3.2(0.0) Shields
 - Level 8.0(4.0) Invocations


You had 11 spell levels left.
You didn't know any spells.

Dungeon Overview and Level Annotations

Branches:
Dungeon (10/15)            Temple (1/1) D:4            Lair (3/8) D:8
  Swamp: Lair:3-6    Shoals: Lair:3-6     Snake: Lair:3-6    Spider: Lair:3-6
    Orc: D:9-12

Altars:
Ashenzari
Cheibriados
Dithmenos
Elyvilon
Fedhas
Gozag
Kikubaaqudgha
Makhleb
Nemelex Xobeh
Okawaru
Pakellas
Qazlal
Ru
Sif Muna
Trog
Vehumet
Xom
Yredelemnul
Zin
The Shining One

Shops:
D:4 [


Innate Abilities, Weirdness & Mutations

You are agile. (Dex +2)
Scrolls take you a little longer to read.
You regenerate slowly when monsters are visible.


Message History

You slash the komodo dragon!
The komodo dragon is moderately wounded.
The komodo dragon bites you but does no damage.
The komodo dragon bites you!
* * * LOW HITPOINT WARNING * * *
A porcupine comes into view.
You slash the komodo dragon!
There is a sudden explosion of sparks!
You kill the komodo dragon!
Okawaru accepts your kill.
You hit the komodo dragon.
The komodo dragon is moderately wounded.
The komodo dragon hisses menacingly.
The komodo dragon barely misses you. The komodo dragon bites you.
* * * LOW HITPOINT WARNING * * *
You see here a komodo dragon corpse.
You barely miss the komodo dragon.
The komodo dragon is moderately wounded.
The komodo dragon bites you!
You die...

.. #.....# .. #.#
#.....##...
###.###......#.#+P
#.!..............P ##
#.................
#..#...................
#......................
#..r..l..)..)..........
.#.#..@.........##.##..
#...##....#### ##.
#...#......#######..
.....##..........P#P.
.......#..........'.+.
#............P.#...###.
##.....P#....##.##.###.
#.....##.....#######..
###P....#..##P#.#.


You could see a komodo dragon and a porcupine.

Vanquished Creatures
  Maud (Lair:3)
  Nergalle (Lair:2)
  Sonja (Lair:3)
  Maurice (D:8)
  6 spiny frogs
  A rime drake (Lair:1)
  5 komodo dragons
  The ghost of trgk the Sneak, a novice SpAr (D:5)
  A two-headed ogre (D:8)
  2 spriggans (Lair:1)
  3 humans
  18 yaks
  7 hippogriffs
  A steam dragon (D:10)
  A hungry ghost (D:10)
  A hog (D:7)
  2 wolves (Lair:1)
  3 porcupines
  9 water moccasins
  2 phantoms
  2 sky beasts
  6 black bears
  5 ogres
  A centaur (D:7)
  5 crocodiles (Lair:1)
  A big kobold (D:9)
  7 giant frogs
  A water moccasin zombie (D:6)
  7 killer bees
  A wight (D:7)
  2 howler monkeys
  An electric eel (D:10)
  5 crimson imps
  A giant frog zombie (D:10)
  A quasit (D:4)
  7 hounds
  7 orc priests
  7 iguanas
  4 orc wizards (D:9)
  Natasha (thrice) (D:7)
  8 worker ants
  7 sheep
  2 hound skeletons
  2 worker ant zombies (D:9)
  6 gnolls
  13 adders
  40 river rats
  2 shadow imps (D:9)
  3 adder skeletons
  3 worms
  3 dart slugs
  3 giant geckos
  18 orcs
  2 ball pythons
  5 bats
  6 giant cockroaches
  7 goblins
  2 hobgoblins
  7 jackals
  A quokka (D:7)
  A jackal zombie (D:5)
  10 kobolds
  2 quokka skeletons
  4 rats
  2 fungi
  A plant (Lair:3)
301 creatures vanquished.

Vanquished Creatures (others)
  A fungus (Lair:2)
  A plant (Lair:2)
2 creatures vanquished.

Grand Total: 303 creatures vanquished

Notes
Turn   | Place    | Note
--------------------------------------------------------------
     0 | D:1      | MenacingMecha the Hill Orc Fighter began the quest for the Orb.
     0 | D:1      | Reached XP level 1. HP: 19/19 MP: 1/1
    67 | D:1      | Reached skill level 3 in Axes
   197 | D:1      | Reached XP level 2. HP: 26/26 MP: 2/2
   267 | D:1      | Reached skill level 4 in Axes
   770 | D:2      | Reached XP level 3. HP: 23/31 MP: 3/3
   926 | D:2      | Reached skill level 5 in Axes
  1320 | D:3      | Reached XP level 4. HP: 39/39 MP: 4/4
  1583 | D:3      | Reached skill level 6 in Axes
  1896 | D:3      | Reached XP level 5. HP: 32/45 MP: 5/5
  2003 | D:4      | Reached skill level 7 in Axes
  2119 | D:4      | Reached skill level 8 in Axes
  2119 | D:4      | Reached XP level 6. HP: 32/51 MP: 6/6
  2265 | D:4      | Found a staircase to the Ecumenical Temple.
  2273 | Temple   | Entered the Ecumenical Temple
  2435 | Temple   | Became a worshipper of Warmaster Okawaru
  2728 | D:4      | Reached skill level 9 in Axes
  2744 | D:4      | Found Ruzor's Antique Armour Shoppe.
  2751 | D:4      | Bought a shiny scale mail for 116 gold pieces
  2879 | D:4      | Found a stormy altar of Qazlal.
  3099 | D:5      | Entered Level 5 of the Dungeon
  3099 | D:5      | Noticed trgk's ghost (novice SpAr)
  3225 | D:5      | Reached XP level 7. HP: 11/57 MP: 7/7
  3490 | D:4      | Reached skill level 10 in Axes
  3658 | D:6      | Reached * piety under Okawaru
  3903 | D:6      | Reached skill level 11 in Axes
  4300 | D:6      | Reached XP level 8. HP: 56/64 MP: 8/8
  4627 | D:6      | Reached skill level 12 in Axes
  4744 | D:7      | Noticed Natasha
  4756 | D:7      | Killed Natasha
  4807 | D:7      | Reached ** piety under Okawaru
  5182 | D:7      | Reached skill level 13 in Axes
  5495 | D:7      | Reached skill level 14 in Axes
  5495 | D:7      | Reached XP level 9. HP: 41/70 MP: 9/9
  5670 | D:7      | Noticed Natasha
  5675 | D:7      | Killed Natasha
  5687 | D:7      | Reached *** piety under Okawaru
  5687 | D:7      | Reached skill level 1 in Dodging
  5836 | D:7      | Found a glowing silver altar of Zin.
  5837 | D:7      | Found a burning altar of Makhleb.
  5838 | D:7      | Noticed an angel
  5840 | D:7      | Noticed a green death
  6101 | D:7      | Found an ancient bone altar of Kikubaaqudgha.
  6106 | D:7      | Found a sacrificial altar of Ru.
  6340 | D:8      | Reached skill level 5 in Fighting
  6378 | D:8      | Noticed a two-headed ogre
  6387 | D:8      | Killed a two-headed ogre
  6583 | D:8      | Found a staircase to the Lair.
  6851 | D:8      | Found an iron altar of Okawaru.
  6867 | D:8      | Noticed Maurice
  6891 | D:8      | Killed Maurice
  6891 | D:8      | Reached **** piety under Okawaru
  6989 | D:8      | Reached skill level 15 in Axes
  6989 | D:8      | Reached XP level 10. HP: 75/86 MP: 10/10
  7466 | D:9      | Got a faintly glowing battleaxe
  7472 | D:9      | Identified the +4 battleaxe "Ikleng" {chop, rElec} (You found it on level 9 of the Dungeon)
  7647 | D:9      | Found a bloodstained altar of Trog.
  7675 | D:9      | Found a deep blue altar of Sif Muna.
  7779 | D:9      | Reached skill level 1 in Invocations
  7855 | D:9      | Reached ***** piety under Okawaru
  8066 | D:10     | Entered Level 10 of the Dungeon
  8197 | D:10     | Reached skill level 16 in Axes
  8810 | D:5      | Killed trgk's ghost
  8956 | D:5      | Found a burning altar of Makhleb.
  9124 | D:5      | Found an oddly glowing altar of Pakellas.
  9213 | D:7      | Noticed Natasha
  9217 | D:7      | Killed Natasha
  9262 | Lair:1   | Entered Level 1 of the Lair of Beasts
  9265 | Lair:1   | Reached XP level 11. HP: 71/99 MP: 14/14
  9270 | Lair:1   | Reached skill level 10 in Fighting
  9411 | Lair:1   | Reached skill level 5 in Invocations
 10013 | D:8      | Gained mutation: You regenerate slowly when monsters are visible. [potion of mutation]
 10013 | D:8      | Gained mutation: Scrolls take you a little longer to read. [potion of mutation]
 10013 | D:8      | Gained mutation: You are agile. (Dex +2) [potion of mutation]
 10042 | D:8      | Upgraded the game from 0.18-a0-1523-gbe15c29 to 0.18-a0-1526-gcb34c7c
 10105 | Lair:1   | Received a gift from Okawaru
 10132 | Lair:1   | Reached skill level 17 in Axes
 11389 | Lair:2   | Noticed a four-headed hydra
 11543 | Lair:2   | Noticed Nergalle
 11559 | Lair:2   | Killed Nergalle
 11559 | Lair:2   | Reached skill level 18 in Axes
 11559 | Lair:2   | Reached XP level 12. HP: 99/106 MP: 12/18
 11602 | Lair:2   | Got a bronze scale mail
 11828 | Lair:3   | Noticed Sonja
 11861 | Lair:3   | Killed Sonja
 11861 | Lair:3   | Reached skill level 5 in Armour
 12062 | Lair:3   | Received a gift from Okawaru
 12469 | Lair:3   | Noticed Maud
 12486 | Lair:3   | Killed Maud
 12498 | Lair:3   | HP: 5/106 [komodo dragon (11)]
 12500 | Lair:3   | HP: 2/106 [komodo dragon (3)]
 12501 | Lair:3   | Mangled by a komodo dragon

Vault maps used:
D:1:      ncdulo_smallfort
D:2:      first_bread
D:4:      grunt_qazlal_sundering, minmay_temple_entry_trees, serial_shops, shop,
          uniq_natasha
D:5:      marbit_many_paths, bloody_makhleb
D:7:      grunt_temple_overflow_order_and_chaos_2,
          amethyst_overflow_temple_binary, grunt_livestock
D:8:      lair_0_dummy, okawaru_humans, uniq_maurice
D:9:      minitemple
D:10:     nrook_pool_corridor
Temple:   dpeg_five_rooms_temple_12
Lair:1:   wad_woods_tower, beast_lair_carwin_10
Lair:2:   grunt_forest_stairs_basic, uniq_nergalle
Lair:3:   beast_lair_carwin_8, uniq_maud, uniq_sonja

Skill      XL: |  1  2  3  4  5  6  7  8  9 10 11 12 |
---------------+-------------------------------------+-----
Axes           | 3 4 5 6 8 9 11 14 15 16 18 | 18.7
Fighting       | 7 9 10 | 10.0
Dodging        | 2 4 |  4.7
Armour         | 4 6 |  6.6
Invocations    | 4 8 |  8.0
Shields        | |  3.2

Action                   |  1- 3 |  4- 6 |  7- 9 | 10-12 || total
-------------------------+-------+-------+-------+-------++-------
Melee: War axe           |   116 |   127 |   358 |   146 ||   747
       Battleaxe         |       |       |       |   356 ||   356
Throw: Tomahawk          |       |       |    36 |    48 ||    84
Invok: Heroism           |       |       |     1 |     1 ||     2
       Finesse           |       |       |       |     3 ||     3
  Use: Potion            |       |     1 |     2 |     9 ||    12
       Scroll            |       |       |       |    13 ||    13
  Eat: Chunk             |     2 |     4 |     8 |    19 ||    33
       Bread ration      |       |     1 |       |       ||     1
       Beef jerky        |       |       |     1 |       ||     1
       Royal jelly       |       |       |       |     1 ||     1
